nht, neutral male gnomish Ranger --- |.+ ------------ |.| |........... |.- ---- |...<......| # #|. ... |...........########|.- . |..........| # |.| . ------------ ###|.| . #..----+----- . | | |.............{....| .| |.-------+-------.-- .| |)+ |.+ ..| |.| +.| ..| |.| |.| ...| |.---------------.-----------...| |....r.))..%))..........@.)@@...| --------------------------------- nht the Lookout Experience level: 4 Strength: 18 Dexterity: 10 Constitution: 12 Intelligence: 14 Wisdom: 14 Charisma: 7 Health: 0(31) Energy: 19(19) Def: 3 Gold: 160 Moves: 921 Dungeon seed: sblNy3-UUEbfPo6Q Game ID: nht_1430642818 Your Inventory: Coins $ - 160 gold pieces Weapons a - a +1 dagger (alternate weapon; not wielded) b - a +2 crossbow (weapon in hand) c - 13 +2 crossbow bolts (in quiver) d - 35 +0 crossbow bolts g - a +2 aklys Armor e - an uncursed +2 cloak of displacement (being worn) Comestibles f - 5 uncursed cram rations h - an uncursed food ration m - 2 uncursed lichen corpses Scrolls l - a cursed scroll of create monster o - a blessed scroll of create monster t - an uncursed scroll of enchant armor Potions i - an uncursed potion of levitation s - a blessed potion of monster detection Wands k - a wand of enlightenment (0:14) p - a wand of polymorph (0:3) Tools j - an uncursed wooden flute v - an uncursed skeleton key Gems n - an uncursed worthless piece of red glass q - an uncursed worthless piece of white glass r - 2 uncursed worthless pieces of yellow glass y - an uncursed worthless piece of violet glass Spells known in the end: Name Level Category Fail Memory Your skills at the end: Fighting Skills Weapon Skills dagger [Basic] crossbow [Basic] Spellcasting Skills Final Attributes: You had transgressed. You had automatic searching. You had infravision. You were displaced. You were unlucky. You are dead. Vanquished creatures: 2 watchmen a shrieker a dwarf zombie a hobbit a large kobold 2 giant rats a yellow mold 5 jackals a fox a kobold 2 goblins a grid bug 2 lichens a kobold zombie 2 newts 24 creatures vanquished. Voluntary challenges: You followed a strict vegan diet. You used a wielded weapon 24 times, starting on turn 162. You read items or engraved 3 times, starting on turn 128. You never genocided any monsters. You never polymorphed an object. You never changed form. You used no wishes. You never split a pudding. You wrote Elbereth's name 3 times, starting on turn 128. You violated your moral code, losing 31 points of alignment, starting on turn 858. Dungeon overview: The Dungeons of Doom: levels 1 to 3 Level 1 a long staircase Level 2 Level 3 an altar to Mars stairs to The Gnomish Mines The Gnomish Mines: levels 4 to 6 Level 4 stairs to The Dungeons of Doom Level 5 Level 6 <- You were here a fountain History has recorded: On T:1 you entered the Dungeons of Doom to retrieve the Amulet of Yendor! On T:105 you reached level 2 of The Dungeons of Doom. On T:224 you reached level 3 of The Dungeons of Doom. On T:414 you reached level 1 of The Gnomish Mines. On T:614 you advanced to experience level 2. On T:705 you advanced to experience level 3. On T:780 you reached level 2 of The Gnomish Mines. On T:834 you reached level 3 of The Gnomish Mines. On T:883 you advanced to experience level 4. Score breakdown: Gold: 160 ( 7506 points) Experience: 4 levels ( 9649 points) Exploration: 6 levels ( 12.24%) ( 9682 points) Discoveries: 5 items ( 1.67%) ( 3879 points) Valuables value: (no points given unless you survive) Artifact value: 0 ( 0 points) Variety of kills: 15 monsters ( 3.96%) ( 5968 points) Time penalty: 921 turns ( 0 points) Survival: died (score multiplied by 80%) Total score: 29347 Latest messages: q - an uncursed white gem. A white gem lands on the altar. The crossbow bolt misses the watch captain. The watch captain swings her silver saber. The watch captain hits! You die... Final status: Goodbye nht the Ranger, killed by a watch captain... You died in The Gnomish Mines on dungeon level 6 with 29347 points, and 160 pieces of gold, after 921 moves. You were level 4 with a maximum of 31 hit points when you died.